 Dungeon Crawl Stone Soup version 0.20.1-1-g8b1a95d (webtiles) character file.

9446 KoningWillie the Cleaver (level 11, -1/102 HPs)
             Began as a Minotaur Fighter on Oct 25, 2017.
             Was a Priest of the Shining One.
             Slain by a slime creature (6 damage)
             ... on level 10 of the Dungeon.
             The game lasted 00:19:48 (7956 turns).

KoningWillie the Cleaver (Minotaur Fighter)         Turns: 7956, Time: 00:19:48

Health: -1/102     AC: 16    Str: 23    XL:     11   Next: 23%
Magic:  10/10      EV:  6    Int:  5    God:    the Shining One [***...]
Gold:   572        SH: 10    Dex: 11    Spells: 10/10 levels left

rFire    . . .     SeeInvis +   a - +0 war axe
rCold    . . .     Gourm    .   c - +0 shield
rNeg     + . .     Faith    .   t - +0 plate armour
rPois    .         Spirit   .   (helmet restricted)
rElec    .         Reflect  .   N - scarf {repulsion}
rCorr    .         Harm     .   J - +0 pair of gloves
MR       .....                  (no boots)
Stlth    ..........             l - amulet of regeneration
Regen    0.7/turn               E - ring of flight
MPRegen  0.2/turn               M - ring "Borche Ezud" {SInv Stlth+}

@: flying, very slightly contaminated, glowing, repel missiles
A: retaliatory headbutt, horns 2
a: Divine Shield, Renounce Religion


You were on level 10 of the Dungeon.
You worshipped the Shining One.
The Shining One was most pleased with you.
You were not hungry.

You visited 1 branch of the dungeon, and saw 10 of its levels.

You collected 572 gold pieces.

Inventory:

Hand Weapons
 a - a +0 war axe (weapon)
Armour
 c - a +0 shield (worn)
 t - a +0 plate armour (worn)
 J - a +0 pair of gloves (worn)
 N - a scarf of repulsion (worn)
Jewellery
 l - an amulet of regeneration (around neck)
 m - an uncursed amulet of the gourmand {unknown}
 x - a cursed amulet of inaccuracy {unknown}
 E - a ring of flight (left hand)
 M - the ring "Borche Ezud" (right hand) {SInv Stlth+}
   (You found it on level 10 of the Dungeon)

   [ring of stealth]

   It lets you see invisible.
   It makes you more stealthy.
Wands
 b - a wand of iceblast (0/15)
 n - a wand of digging (6/24)
 y - a wand of flame (16/48)
 z - a wand of scattershot (0/9)
Scrolls
 k - 12 scrolls of remove curse
 q - 2 scrolls of fear {unknown}
 s - a scroll of amnesia {unknown}
 u - 2 scrolls of magic mapping
 A - a scroll of fog
 C - a scroll of teleportation {unknown}
 D - a scroll of enchant armour
 I - a scroll of recharging {unknown}
 O - a scroll of vulnerability {unknown}
Potions
 d - 2 potions of might
 e - 3 potions of invisibility
 g - 2 potions of lignification
 h - 3 potions of resistance
 o - 2 potions of curing {unknown}
 p - a potion of flight
 r - 2 potions of heal wounds {unknown}
 v - a potion of cancellation {unknown}
 B - a potion of berserk rage {unknown}
 G - 2 potions of mutation {unknown}
 H - 2 potions of degeneration {unknown}
 L - 2 potions of magic {unknown}
Books
 F - Motak's Handbook of Weightlessness and Heat
   (You found it on level 8 of the Dungeon)

   Spells                             Type                      Level
   a - Shock                          Conjuration/Air              1
   b - Flame Tongue                   Conjuration/Fire             1
   c - Airstrike                      Air                          4
   d - Freezing Cloud                 Conjuration/Ice/Air          6
   e - Ignition                       Fire                         8
Comestibles
 f - 12 bread rations
 i - 2 meat rations
 j - 11 royal jellies
 K - 7 fruits


   Skills:
 * Level 11.3 Fighting
 + Level 13.1 Axes
 * Level 11.7 Armour
 + Level 2.3 Dodging
 - Level 4.3 Shields
 + Level 1.1 Evocations


You had 10 spell levels left.
You didn't know any spells.

Dungeon Overview and Level Annotations

Branches:
Dungeon (10/15)            Temple (0/1) D:6            Lair (0/6) D:10
    Orc (0/2) D:10

Altars:
Ashenzari
Nemelex Xobeh
Qazlal
Trog
The Shining One


Innate Abilities, Weirdness & Mutations

You reflexively headbutt those who attack you in melee.
You have a pair of horns on your head.


Message History

The plant is moderately damaged.
You hit the plant but do no damage. You slash the plant! You hit the plant.
You hit the plant.
The plant is lightly damaged.
You hit the plant but do no damage.
You headbutt the plant, but do no damage.
The plant is lightly damaged.
Okay, then.
It was a potion of flight.
You feel very buoyant.
You fly up into the air.
A large slime creature splits.
The slime creature quivers.
You slice the slime creature!!
You kill the slime creature!
You slash the plant! You hit the slime creature. The slime creature hits you!
* * * LOW HITPOINT WARNING * * *
The slime creature hits you.
* * * LOW HITPOINT WARNING * * *
The slime creature hits you.
You die...

#.## ##...# #.# #####
#.[###.##.# #.# #.
##.#.#.###.# #.# #. #.
#..#...###.# #.# #.
.###.##.#.###.##.###.# #.
..........###........# #.
####.##.......##.###.# ##.
#...(P.P..P.#.# #.# ##..
#####..[....@.....##..####.##
.........P...J....##.......#
####........J.P...##.#####.##
#......P........#.#.......
#♣....P.P.P....♣# #.######
#....♣J.>.....P.# #.#
#P.P....P..P....# #.#
#....P..PP..P..P..#.#
#....PP.PP.....####.#


You could see 3 slime creatures.

Vanquished Creatures
  3 two-headed ogres (D:8)
  A manticore (D:10)
  Joseph (D:9)
  A troll (D:10)
  A slime creature (D:10)
  Eustachio (D:5)
  2 wraiths (D:10)
  A yak (D:7)
  A human (D:7)
  A wyvern (D:8)
  3 hogs (D:7)
  The ghost of endorz the Poker, an amateur MfGl (D:4)
  Menkaure (D:6)
  Duvessa (D:5)
  3 porcupines (D:10)
  2 orc warriors
  5 ogres
  3 ice beasts
  A sky beast (D:10)
  5 black bears
  A wolf (D:10)
  A phantom (D:10)
  5 centaurs
  3 crocodiles (D:10)
  6 bullfrogs
  5 scorpions
  Dowan (D:5)
  3 killer bees (D:10)
  5 howler monkeys
  4 crimson imps
  A centaur zombie (D:7)
  6 hounds
  7 orc priests
  An iguana (D:10)
  4 jellies
  4 orc wizards
  A bullfrog skeleton (D:8)
  A bullfrog zombie (D:8)
  7 worker ants
  2 worker ant zombies
  2 howler monkey skeletons
  4 gnolls
  6 adders
  2 shadow imps
  5 worms
  4 dart slugs
  8 leopard geckos
  26 orcs
  A ball python (D:2)
  4 bats
  8 giant cockroaches
  13 goblins
  7 hobgoblins
  8 jackals
  6 quokkas
  3 frilled lizards
  9 kobolds
  A leopard gecko skeleton (D:4)
  4 rats
227 creatures vanquished.

Notes
Turn   | Place    | Note
-------+----------+-------------------------------------------
     0 | D:1      | KoningWillie the Minotaur Fighter began the quest for the Orb.
     0 | D:1      | Reached XP level 1. HP: 19/19 MP: 0/0
   264 | D:1      | Reached XP level 2. HP: 25/27 MP: 1/1
   643 | D:2      | Reached XP level 3. HP: 33/33 MP: 2/2
   929 | D:2      | Reached skill level 3 in Axes
  1513 | D:3      | Reached XP level 4. HP: 19/40 MP: 3/3
  1690 | D:3      | Noticed a bullfrog
  1700 | D:3      | Killed a bullfrog
  1700 | D:3      | Reached skill level 4 in Axes
  1700 | D:3      | Reached XP level 5. HP: 27/47 MP: 4/4
  2031 | D:3      | Reached skill level 5 in Armour
  2077 | D:3      | Found a glowing golden altar of the Shining One.
  2087 | D:3      | Became a worshipper of the Shining One
  2142 | D:3      | Reached skill level 5 in Axes
  2186 | D:3      | Reached XP level 6. HP: 40/53 MP: 5/5
  2583 | D:4      | Reached skill level 1 in Dodging
  2616 | D:4      | Noticed endorz's ghost (amateur MfGl)
  2643 | D:4      | Killed endorz's ghost
  2643 | D:4      | Reached skill level 5 in Fighting
  2683 | D:4      | Found a sparkling altar of Nemelex Xobeh.
  2718 | D:4      | Found a shattered altar of Ashenzari.
  2723 | D:4      | Reached XP level 7. HP: 59/61 MP: 6/6
  2781 | D:4      | Reached skill level 6 in Axes
  3214 | D:5      | Entered Level 5 of the Dungeon
  3386 | D:5      | Noticed Dowan
  3393 | D:5      | Reached * piety under the Shining One
  3422 | D:5      | Killed Dowan
  3455 | D:5      | Noticed Duvessa
  3465 | D:5      | Killed Duvessa
  3465 | D:5      | Reached skill level 7 in Axes
  3465 | D:5      | Reached XP level 8. HP: 53/70 MP: 7/7
  3467 | D:5      | Noticed Eustachio
  3478 | D:5      | Killed Eustachio
  3976 | D:6      | Reached skill level 8 in Axes
  4138 | D:6      | Found a staircase to the Ecumenical Temple.
  4143 | D:6      | Noticed Menkaure
  4214 | D:6      | Killed Menkaure
  4262 | D:6      | Found a stormy altar of Qazlal.
  4267 | D:6      | Reached skill level 9 in Axes
  4343 | D:6      | Reached XP level 9. HP: 37/81 MP: 8/8
  5085 | D:7      | Reached ** piety under the Shining One
  5089 | D:7      | Reached skill level 10 in Axes
  5601 | D:8      | Noticed a two-headed ogre
  5619 | D:8      | Killed a two-headed ogre
  5619 | D:8      | Reached skill level 11 in Axes
  5619 | D:8      | Reached XP level 10. HP: 60/91 MP: 9/9
  5724 | D:8      | Noticed a two-headed ogre
  5733 | D:8      | Killed a two-headed ogre
  5733 | D:8      | Reached skill level 10 in Armour
  5861 | D:8      | Identified Motak's Handbook of Weightlessness and Heat
  5871 | D:8      | Reached skill level 10 in Fighting
  6305 | D:8      | Found a bloodstained altar of Trog.
  6682 | D:9      | Noticed a two-headed ogre
  6693 | D:8      | Killed a two-headed ogre
  6693 | D:8      | Reached skill level 12 in Axes
  6693 | D:8      | Reached skill level 1 in Evocations
  6746 | D:9      | Reached *** piety under the Shining One
  6892 | D:9      | Noticed Joseph
  6905 | D:9      | Killed Joseph
  7196 | D:10     | Entered Level 10 of the Dungeon
  7201 | D:10     | Got a glittering bone ring
  7202 | D:10     | Identified the ring "Borche Ezud" {SInv Stlth+} (You found it on level 10 of the Dungeon)
  7419 | D:10     | Reached XP level 11. HP: 97/101 MP: 10/10
  7443 | D:10     | Found a staircase to the Lair.
  7649 | D:10     | Reached skill level 13 in Axes
  7825 | D:10     | Found a staircase to the Orcish Mines.
  7955 | D:10     | HP: 5/102 [slime creature (4)]
  7956 | D:10     | Slain by a slime creature

Skill      XL: |  1  2  3  4  5  6  7  8  9 10 11 |
---------------+----------------------------------+-----
Shields        | 4 |  4.3
Fighting       | 4 5 6 7 9 10 11 | 11.3
Axes           | 3 4 5 7 9 11 12 13 | 13.1
Armour         | 4 5 6 7 8 9 11 | 11.7
Dodging        | 1 2 |  2.3
Evocations     | 1 |  1.1

Action                   |  1- 3 |  4- 6 |  7- 9 | 10-12 || total
-------------------------+-------+-------+-------+-------++-------
Melee: War axe           |    93 |   126 |   222 |   220 ||   661
       Headbutt          |    16 |    21 |    39 |    50 ||   126
 Abil: Evoke Flight      |       |       |       |     2 ||     2
Evoke: Wand              |       |       |     2 |     4 ||     6
  Use: Scroll            |     4 |     2 |     4 |     2 ||    12
       Potion            |       |     1 |       |     1 ||     2
  Eat: Bread ration      |     1 |       |       |       ||     1
       Meat ration       |       |     1 |     2 |     1 ||     4
Armor: Scale mail        |    37 |    46 |    45 |       ||   128
       Plate armour      |       |       |    27 |    98 ||   125
Dodge: Dodged            |    17 |    32 |    70 |    47 ||   166
Block: Shield            |    44 |    56 |   109 |    94 ||   303
